 Dungeon Crawl Stone Soup version 0.27.1-33-g824d729ab1 (webtiles) character file.

Game seed: 8914173492761598692

21103 styxcanada the Unseen (level 12, -2/60 HPs)
             Began as a Spriggan Brigand on Dec 4, 2021.
             Was an Initiate of Gozag.
             Killed from afar by an oklob plant (6 damage)
             ... with a splash of acid
             ... on level 3 of the Lair of Beasts on Dec 5, 2021.
             The game lasted 00:54:20 (9574 turns).

styxcanada the Unseen (Spriggan Brigand)            Turns: 9574, Time: 00:54:21

Health: -2/60      AC:  9    Str:  7    XL:     12   Next: 51%
Magic:  34/34      EV: 24    Int: 13    God:    Gozag
Gold:   1777       SH:  5    Dex: 21    Spells: 20/28 levels left

rFire    . . .     SeeInvis +   E - +7 pair of quick blades "Gyre" and "Gimble" {protect}
rCold    + . .     Faith    .   (shield currently unavailable)
rNeg     . . .     Spirit   .   s - +3 troll leather armour {Purgy}
rPois    +         Reflect  +   (helmet restricted)
rElec    .         Harm     .   K - +1 cloak {rPois}
rCorr    .         Rampage  .   (gloves unavailable)
Will     ++...                  (boots unavailable)
Stlth    ++++++++..             F - amulet of reflection
HPRegen  1.20/turn              g - +4 ring of protection
MPRegen  0.24/turn              c - ring "Eseocoh" {rC+ MP+9 Stlth+}

@: corroded, studying Hexes, very quick
A: very small, no large weapons, unfitting armour, see invisible, speed 3
a: Renounce Religion, Potion Petition, Call Merchant, Bribe Branch


You were on level 3 of the Lair of Beasts.
You worshipped Gozag.
Gozag was most pleased with you.
You visited 3 branches of the dungeon, and saw 12 of its levels.
You also visited: Sewer.

You collected 3561 gold pieces.
You spent 1680 gold pieces at shops.
You paid 104 gold pieces to Gozag.

Inventory:

Hand Weapons
 a - a +2 dagger of electrocution
 o - a +0 hunting sling
 y - a +4 short sword of venom
 E - the +7 pair of quick blades "Gyre" and "Gimble" (weapon) {protect}
   (You acquired it on level 6 of the Dungeon)

   It grants its wielder temporary protection when it strikes (+7 to AC).
 M - the +8 mace of a bailey {elec, Fly Str+2 Int+3 Dex-2}
   (You bought it in a shop on level 8 of the Dungeon)

   It occasionally discharges a powerful burst of electricity upon striking a
   foe.
   Str:       It affects your strength (+2).
   Int:       It affects your intelligence (+3).
   Dex:       It affects your dexterity (-2).
   Fly:       It grants you flight.
Missiles
 e - 6 curare-tipped darts
 l - 42 poisoned darts (quivered)
 p - 8 atropa-tipped darts
 x - 5 boomerangs
 B - 76 sling bullets
Armour
 s - a +3 troll leather armour (worn) {Purgy}
 K - a +1 cloak of poison resistance (worn)
Jewellery
 c - the ring "Eseocoh" (right hand) {rC+ MP+9 Stlth+}
   (You acquired it on level 1 of the Lair of Beasts)

   [ring of magical power]

   rC:        It protects you from cold.
   MP:        It affects your magic capacity (+9).
   Stlth:     It makes you more stealthy.
 g - a +4 ring of protection (left hand)
 m - a ring of wizardry
 F - an amulet of reflection (around neck)
Wands
 h - a wand of iceblast (4)
 G - a wand of mindburst (8)
 H - a wand of digging (5)
 L - a wand of acid (10)
Scrolls
 d - a scroll of immolation
 q - 7 scrolls of teleportation
 u - a scroll of fear
 v - 3 scrolls of blinking
 w - a scroll of magic mapping
 C - 2 scrolls of fog
Potions
 b - 4 potions of lignification
 f - 2 potions of heal wounds
 i - 3 potions of haste
 j - 3 potions of curing
 k - a potion of invisibility
 n - 3 potions of flight
 r - a potion of berserk rage
 t - 2 potions of mutation {unknown}
 z - 2 potions of resistance {unknown}
 A - 3 potions of brilliance {unknown}
 I - 2 potions of might {unknown}


   Skills:
 + Level 5.0 Fighting
 + Level 8.5 Short Blades
 + Level 4.3 Throwing
 * Level 10.1 Dodging
 * Level 17.0 Stealth
 * Level 3.1 Shields
 * Level 8.5 Spellcasting
 * Level 9.7 Hexes
 * Level 8.9 Evocations


You had 20 spell levels left.
You knew the following spells:

 Your Spells              Type           Power      Damage    Failure   Level
a - Confusing Touch       Hex            30%        N/A       1%          3
b - Tukima's Dance        Hex            30%        N/A       1%          3
c - Slow                  Hex            30%        N/A       1%          2

Your spell library contained the following spells:

 Spells                   Type           Power      Damage    Failure   Level
 Summon Guardian Golem    Hex/Summ       18%        N/A       8%          3
 Shock                    Conj/Air       20%        1d4       21%         1
 Summon Small Mammal      Summ           20%        N/A       21%         1
 Leda's Liquefaction      Hex/Erth       9%         N/A       26%         4
 Poisonous Vapours        Pois/Air       10%        N/A       30%         2
 Sublimation of Blood     Necr           2%         N/A       30%         2
 Call Canine Familiar     Summ           5%         N/A       52%         3
 Frozen Ramparts          Ice            10%        1d3       52%         3
 Gell's Gravitas          Tloc           2%         N/A       52%         3
 Teleport Other           Tloc           5%         N/A       52%         3
 Vampiric Draining        Necr           2%         2d6       52%         3
 Yara's Violent Unravell  Hex/Tmut       9%         3d6       58%         5
 Animate Dead             Necr           2%         N/A       89%         4
 Ice Form                 Ice/Tmut       5%         N/A       89%         4
 Passage of Golubria      Tloc           N/A        N/A       89%         4
 Petrify                  Tmut/Erth      5%         N/A       89%         4
 Summon Ice Beast         Ice/Summ       5%         N/A       89%         4
 Summon Lightning Spire   Summ/Air       5%         N/A       89%         4
 Bolt of Magma            Conj/Fire/Erth 2%         4d4       99%         5
 Borgnjor's Vile Clutch   Necr/Erth      2%         N/A       99%         5
 Irradiate                Conj/Tmut      2%         3d14      99%         5
 Lightning Bolt           Conj/Air       2%         1d14      99%         5
 Death Channel            Necr           2%         N/A       100%        6
 Dispersal                Tloc           2%         N/A       100%        6
 Statue Form              Tmut/Erth      3%         N/A       100%        6


Dungeon Overview and Level Annotations

Branches:
Dungeon (8/15)             Temple (1/1) D:5            Lair (3/6) D:8
  Sewer (visited)
  Swamp: Lair:2-4    Shoals: Lair:2-4     Snake: Lair:2-4    Spider: Lair:2-4

Altars:
Ashenzari
Cheibriados
Gozag
Kikubaaqudgha
Makhleb
Nemelex Xobeh
Okawaru
Ru
Sif Muna
Trog
Vehumet
Wu Jian
Xom
Yredelemnul
Zin
The Shining One

Shops:
D:5 *   D:8 (*

Annotations:
Lair:3 exclusion: 2 oklob plants


Innate Abilities, Weirdness & Mutations

You are very small and have problems with some larger weapons.
You are too small for most types of armour.
You have supernaturally acute eyesight. (SInv)
You cover ground extremely quickly. (Speed+++)


Message History

You hit the plant. x2
You hit the plant. x2
You hit the plant. You puncture the plant! You hit the plant.
You puncture the plant!
A nearby plant withers and dies.
The oklob plant spits acid at you. The splash of acid misses you.
The oklob plant spits acid at you.
The splash of acid hits you but does no damage.
The acid corrodes you!
You are splashed with acid!
Aiming: Iceblast
Press: ? - help, Shift-Dir - straight line, f - oklob plant
Aim: an oklob plant The mass of ice explodes!
The iceblast engulfs the oklob plant!
The oklob plant is lightly damaged.
The iceblast engulfs the komodo dragon.
The komodo dragon is lightly wounded.
The komodo dragon hisses angrily.
The iceblast engulfs the oklob plant!
The oklob plant is moderately damaged.
Aiming: Iceblast
Press: ? - help, Shift-Dir - straight line, f - oklob plant, p - oklob plant
Aim: an oklob plant (moderately damaged)
The mass of ice explodes!
The iceblast engulfs the oklob plant!!
The oklob plant is severely damaged.
The iceblast engulfs the komodo dragon!!
The komodo dragon is heavily wounded.
The iceblast engulfs the oklob plant.
The oklob plant is lightly damaged.
The oklob plant spits acid at you. The splash of acid hits you!
You are splashed with acid!
The oklob plant spits acid at you. The splash of acid hits you!
* * * LOW HITPOINT WARNING * * *
You are splashed with acid!
* * * LOW HITPOINT WARNING * * *
You see here 11 gold pieces.
The oklob plant spits acid at you. The splash of acid hits you.
You die...
Your body crumbles into a pile of gold.

#..#.>|..(. # #...#.#.#.
# . ##...#.....
..#.##########...#...#..
....#.#..##.###.........
#..........##...#.##..
###..###...##...#.....
##..........^....##...
#..$.@.##.#.#.#.....#.
##PP.########.###P.##.
#(l$# #......... #$PP#
#.#..#.### #$|.#
######## # #####


You could see 2 oklob plants and a komodo dragon.

Vanquished Creatures
  6 hydras
  A boulder beetle (Lair:3)
  Erica (D:8)
  A two-headed ogre (D:8)
  Urug (Lair:2)
  A black mamba (Lair:3)
  4 elephants (Lair:2)
  5 cane toads
  4 komodo dragons
  3 rime drakes
  A tyrant leech (Lair:2)
  4 blink frogs (Lair:3)
  14 yaks
  A wyvern (Lair:1)
  2 basilisks
  8 water moccasins
  2 swamp worms (Lair:2)
  2 orc warriors
  A sky beast (D:6)
  4 ice beasts
  Purgy (Sewer)
  A necrophage (D:7)
  3 ogres
  19 wolves
  3 phantoms
  2 centaurs
  A kobold brigand (D:8)
  Blork the orc (D:6)
  10 bullfrogs
  A wyvern zombie (D:5)
  A scorpion (D:6)
  A wyvern skeleton (D:6)
  6 killer bees (D:8)
  3 howler monkeys (D:8)
  12 wights
  4 jellies
  2 orc priests (D:8)
  A hound (D:5)
  Crazy Yiuf (D:7)
  A bullfrog skeleton (D:6)
  An iguana (D:6)
  A centaur skeleton (D:6)
  3 orc wizards
  A scorpion zombie (D:5)
  A hound zombie (D:5)
  8 gnolls
  2 howler monkey skeletons
  5 adders
  2 river rats (D:3)
  A shadow imp (D:6)
  2 ufetubi
  2 worms
  A dart slug (D:2)
  12 orcs
  3 ball pythons
  7 endoplasms
  5 giant cockroaches
  8 goblins
  8 hobgoblins
  12 kobolds
  4 quokkas
  11 bats
  A frilled lizard (D:2)
  A quokka skeleton (D:4)
  6 rats
248 creatures vanquished.

Vanquished Creatures (others)
  5 fungi
  14 plants
19 creatures vanquished.

Grand Total: 267 creatures vanquished

Notes
Turn   | Place    | Note
-------+----------+-------------------------------------------
     0 | D:1      | styxcanada the Spriggan Brigand began the quest for the
                  | Orb.
     0 | D:1      | Reached XP level 1. HP: 10/10 MP: 2/2
   169 | D:1      | Found a faded altar of an unknown god.
   255 | D:1      | Reached skill level 6 in Stealth
   719 | D:2      | Reached XP level 2. HP: 14/14 MP: 3/3
   818 | D:2      | Reached skill level 7 in Stealth
   818 | D:2      | Reached XP level 3. HP: 13/18 MP: 4/4
  1165 | D:2      | Reached XP level 4. HP: 23/23 MP: 5/5
  1715 | D:3      | Reached XP level 5. HP: 18/26 MP: 6/6
  2001 | D:3      | Reached skill level 8 in Stealth
  2023 | D:3      | Found a glowing drain.
  2027 | Sewer    | Entered a sewer
  2362 | Sewer    | Noticed Purgy
  2369 | Sewer    | Killed Purgy
  2370 | Sewer    | Reached XP level 6. HP: 32/32 MP: 7/7
  2952 | D:4      | Reached skill level 9 in Stealth
  3060 | D:5      | Entered Level 5 of the Dungeon
  3092 | D:5      | Identified the +3 falchion of Dirch {vorpal, rPois rC++
                  | Dex-4}
  3099 | D:5      | Found a staircase to the Ecumenical Temple.
  3109 | Temple   | Entered the Ecumenical Temple
  3243 | Temple   | Became a worshipper of Gozag Ym Sagoz the Greedy
  3290 | D:5      | Noticed an ice beast
  3296 | D:5      | Killed an ice beast
  3297 | D:5      | Reached skill level 1 in Evocations
  3326 | D:5      | Reached XP level 7. HP: 35/35 MP: 8/8
  3511 | D:5      | Learned a level 3 spell: Confusing Touch
  3557 | D:5      | Found Reigup's Assorted Antiques.
  3595 | D:5      | Reached skill level 1 in Spellcasting
  3633 | D:5      | Reached skill level 10 in Stealth
  3633 | D:5      | Reached skill level 1 in Hexes
  3664 | D:5      | Bought a purple potion for 28 gold pieces
  3664 | D:5      | Bought a sedimented brown potion for 28 gold pieces
  3664 | D:5      | Bought a wand of iceblast (8) for 128 gold pieces
  3848 | D:5      | Reached skill level 5 in Dodging
  4205 | D:6      | Reached XP level 8. HP: 40/40 MP: 11/11
  4367 | D:6      | Identified 3 scrolls of acquirement
  4367 | D:6      | Acquired the +7 pair of quick blades "Gyre" and "Gimble"
                  | {protect}
  4367 | D:6      | Found the +7 pair of quick blades "Gyre" and "Gimble"
                  | {protect}
  4376 | D:6      | Acquired an amulet of reflection
  4383 | D:6      | Acquired 1309 gold pieces
  4669 | D:6      | Noticed Blork the orc
  4679 | D:6      | Killed Blork the orc
  4903 | D:6      | Reached skill level 11 in Stealth
  5169 | D:7      | Reached XP level 9. HP: 27/44 MP: 14/14
  5314 | D:7      | Reached skill level 5 in Short Blades
  5393 | D:7      | Found a sacrificial altar of Ru.
  5479 | D:7      | Found a runed translucent door.
  5480 | D:7      | Noticed Crazy Yiuf
  5487 | D:7      | Killed Crazy Yiuf
  5735 | D:8      | Noticed a two-headed ogre
  5757 | D:8      | Killed a two-headed ogre
  5758 | D:8      | Reached skill level 12 in Stealth
  5758 | D:8      | Reached skill level 5 in Evocations
  5865 | D:8      | Found Aiummami's Alliterative Accessories.
  5873 | D:8      | Bought a scroll of acquirement for 832 gold pieces
  5873 | D:8      | Bought a wand of acid (11) for 480 gold pieces
  5880 | D:8      | Acquired a manual of Hexes
  5886 | D:8      | Learned a level 3 spell: Tukima's Dance
  5889 | D:8      | Learned a level 2 spell: Slow
  5919 | D:8      | Reached XP level 10. HP: 49/49 MP: 15/17
  5925 | D:8      | Noticed Erica
  5946 | D:8      | Killed Erica
  5947 | D:8      | Reached skill level 13 in Stealth
  5947 | D:8      | Reached skill level 5 in Hexes
  6259 | D:8      | Found Tebuw's Antique Weapon Boutique.
  6274 | D:8      | Bought a slimy mace for 184 gold pieces
  6274 | D:8      | Identified the +8 mace of a bailey {elec, Fly Str+2 Int+3
                  | Dex-2} (You bought it in a shop on level 8 of the Dungeon)
  6503 | D:8      | Found a staircase to the Lair.
  6512 | Lair:1   | Entered Level 1 of the Lair of Beasts
  6553 | Lair:1   | Reached skill level 5 in Spellcasting
  6648 | Lair:1   | Acquired the ring "Eseocoh" {rC+ MP+9 Stlth+}
  6957 | Lair:1   | Reached skill level 1 in Shields
  7017 | Lair:1   | Reached skill level 14 in Stealth
  7572 | Lair:2   | Noticed an eight-headed hydra
  7602 | Lair:2   | Noticed a cane toad
  7630 | Lair:2   | Killed a cane toad
  7698 | Lair:2   | Noticed a six-headed hydra
  7703 | Lair:2   | Reached XP level 11. HP: 53/53 MP: 20/20
  7712 | Lair:2   | Killed a six-headed hydra
  7728 | Lair:2   | Got the Grimoire of the Birds
  7816 | Lair:2   | Killed an eight-headed hydra
  7881 | Lair:2   | Reached skill level 15 in Stealth
  8019 | Lair:2   | Noticed Urug
  8056 | Lair:2   | Killed Urug
  8195 | Lair:2   | Noticed a five-headed hydra
  8213 | Lair:2   | Killed a five-headed hydra
  8260 | Lair:2   | Noticed a six-headed hydra
  8300 | Lair:2   | Killed a six-headed hydra
  8791 | Lair:3   | Noticed a five-headed hydra
  8794 | Lair:3   | Noticed a boulder beetle
  8813 | Lair:3   | Killed a boulder beetle
  8826 | Lair:3   | Reached skill level 16 in Stealth
  8827 | Lair:3   | Killed a five-headed hydra
  8835 | Lair:3   | Reached XP level 12. HP: 31/59 MP: 21/23
  9050 | Lair:3   | Reached skill level 10 in Dodging
  9180 | Lair:3   | Noticed a seven-headed hydra
  9194 | Lair:3   | Killed a seven-headed hydra
  9427 | Lair:3   | Reached skill level 5 in Fighting
  9546 | Lair:3   | Reached skill level 17 in Stealth
  9572 | Lair:3   | HP: 3/60 [acid (15)]
  9574 | Lair:3   | Killed from afar by an oklob plant

Illustrated notes

Levels and vault maps discovered:
D:1:      sevenhm_arrival_forest_fort_small_5, layout_rooms,
          shapermc_ecumenical_altar_totnotflames, dk_noncrumbling_2,
          nrook_mini_vaults, st_stairs_7
D:2:      layout_rooms, serial_corexii_hall, corexii_hall_statues_deadend,
          chequers_hall_statues_corner_a, corexii_hall_statues_l,
          chequers_hall_statues_wall_a
D:3:      layout_rooms, gup_sewer_entry_bowl, st_stairs_6, grunt_ministairs_15
D:4:      layout_rooms, minmay_distorted
D:5:      layout_basic, minmay_temple_entry_large_hall, serial_shops,
          nicolae_shop_temple_entry_statues_fountains, kennysheep_generic_room_2
D:6:      layout_cave_pods, minmay_checkerbox, uniq_blork_the_orc
D:7:      layout_basic, hangedman_ru_absence, serial_glass, glass_columns_c,
          glass_columns_c, glass_columns_b, glass_columns_b,
          hangedman_decor_points, uniq_crazy_yiuf_cottage
D:8:      layout_gridville, lair_entry_dummy, serial_shops,
          kennysheep_mini_moat, nicolae_alphabet_shops, uniq_erica
Temple:   kilobyte_greek_temple
Lair:1:   layout_gridlike, infiniplex_staircase_pool_2, grunt_megastairs_4,
          serial_bayou_shore_a
Lair:2:   nzn_winding_woodlands_three_and_one
          [nzn_winding_woodlands_5x15_lazy_stream,
          nzn_winding_woodlands_5x15_split_checker,
          nzn_winding_woodlands_5x15_parted,
          nzn_winding_woodlands_center_diamonds], layout_regular_city,
          chequers_serial_rivers_room_a, minmay_hedge_maze, worms_lemuel,
          uniq_urug
Lair:3:   layout_roguey, minmay_lair_oklob_chamber, grunt_megastairs_5

Skill      XL: |  1  2  3  4  5  6  7  8  9 10 11 12 |
---------------+-------------------------------------+-----
Stealth        | 6 7 8 9 10 11 12 14 16 17 | 17.0
Dodging        | 2 3 5 6 7 8 9 10 | 10.1
Fighting       | 2 3 4 5 |  5.0
Short Blades   | 3 4 6 7 8 |  8.5
Throwing       | 3 4 |  4.3
Evocations     | 1 2 4 5 7 8 |  8.9
Spellcasting   | 1 3 4 5 7 8 |  8.5
Hexes          | 2 3 4 6 8 9 |  9.7
Shields        | 1 2 3 |  3.1

Action                   |  1- 3 |  4- 6 |  7- 9 | 10-12 || total
-------------------------+-------+-------+-------+-------++-------
Melee: Dagger            |    70 |   160 |    29 |       ||   259
       Short sword       |       |       |   115 |       ||   115
       Pair of quick bla |       |       |    98 |   475 ||   573
Throw: Dart              |    21 |    30 |     4 |    14 ||    69
       Stone             |     1 |       |       |       ||     1
 Cast: Confusing Touch   |       |       |     3 |    34 ||    37
       Tukima's Dance    |       |       |       |     2 ||     2
Evoke: Wand              |       |     1 |     4 |     8 ||    13
  Use: Scroll            |       |     8 |    13 |     7 ||    28
 Stab: Sleeping          |     2 |    10 |    18 |    10 ||    40
       Distracted        |       |     1 |       |     5 ||     6
       Confused          |       |       |     3 |    34 ||    37
Armor: Robe              |    16 |    22 |       |       ||    38
       Troll leather arm |       |    11 |    46 |    48 ||   105
Dodge: Dodged            |    61 |   101 |   161 |   224 ||   547
Block: Other             |       |       |    12 |    43 ||    55
